 Dungeon Crawl Stone Soup version 0.26.1-11-gd32895ea62 (webtiles) character file.

Game seed: 10085582395216592086

153 Zeld the Twirler (level 5, 0/34 HPs)
             Began as an Octopode Gladiator on May 21, 2021.
             Slain by a ball python (1 damage)
             ... on level 2 of the Dungeon.
             The game lasted 00:02:56 (2266 turns).

Zeld the Twirler (Octopode Gladiator)               Turns: 2266, Time: 00:02:56

Health: 0/34       AC:  1    Str: 13    XL:     5   Next: 35%
Magic:  5/5        EV: 11    Int: 10    God:
Gold:   67         SH:  0    Dex: 15    Spells: 4/4 levels left

rFire    . . .     SeeInvis .   a - +0 quarterstaff
rCold    . . .     Faith    .   (shield currently unavailable)
rNeg     . . .     Spirit   .   b - +0 hat
rPois    .         Reflect  .   (no amulet)
rElec    .         Harm     .   (no ring)
rCorr    .         Rampage  .   (no ring)
Will     .....                  (no ring)
Stlth    ++........             (no ring)
HPRegen  0.11/turn              (no ring)
MPRegen  0.09/turn              (no ring)
                                (no ring)
                                (no ring)

@: constricted
A: almost no armour, stealthy swim, amphibious, 8 rings, constrict 8, camouflage
1, gelatinous body 1
a: no special abilities


You were on level 2 of the Dungeon.
You visited 1 branch of the dungeon, and saw 2 of its levels.

You collected 67 gold pieces.

Inventory:

Hand Weapons
 a - a +0 quarterstaff (weapon)
Missiles
 c - 3 throwing nets (quivered)
 k - 6 poisoned darts
Armour
 b - a +0 hat (worn)
Jewellery
 f - an uncursed ring of magical power {unknown}
 m - a cursed amulet of inaccuracy {unknown}
 o - an uncursed ring of stealth {unknown}
 p - an uncursed amulet of guardian spirit {unknown}
Scrolls
 d - 2 scrolls of identify {unknown}
 g - a scroll of magic mapping {unknown}
 h - 2 scrolls of enchant weapon {unknown}
 j - 2 scrolls of fog {unknown}
 l - a scroll of remove curse {unknown}
 q - a scroll of teleportation {unknown}
Potions
 e - a potion of attraction {unknown}
 i - a potion of resistance {unknown}
 n - a potion of curing {unknown}
 r - a potion of haste {unknown}


   Skills:
 - Level 2.0 Fighting
 * Level 5.9 Staves
 - Level 2.0 Throwing
 - Level 3.0 Dodging


You had 4 spell levels left.
You didn't know any spells.
Your spell library was empty.

Dungeon Overview and Level Annotations

Branches:
Dungeon (2/15)

Altars:
Ashenzari
The Shining One

Annotations:
D:2 1 transporter


Innate Abilities, Weirdness & Mutations

You cannot wear most types of armour.
You are very stealthy in the water. (Stealth+)
You are amphibious.
You can wear up to eight rings at the same time.
You can use your tentacles to constrict eight enemies at once.
Your skin changes colour to match your surroundings (Stealth+).
Your rubbery body absorbs attacks. (AC +1, EV +1)


Message History

* * * LOW HITPOINT WARNING * * *
You hit the hound.
The hound is almost dead.
You constrict the hound, but do no damage.
The hound completely misses you. The ball python barely misses you.
* * * LOW HITPOINT WARNING * * *
The ball python constricts you. The hound closely misses you.
Unknown command.
You hit the hound.
The hound is almost dead.
You constrict the hound.
You kill the hound!
The ball python bites you.
* * * LOW HITPOINT WARNING * * *
x2 The ball python constricts you.
The dart slug launches a dart at you. The slug dart hits you.
* * * LOW HITPOINT WARNING * * *
The ball python closely misses you.
You die...

##.....©.....#..........
#..#########..#####.###.
#.##8.....8##.......# #.
#.#.........#.####..###.
#.#....©.!..#.# #.#...#
#.#.........#(# #.##.##
#.#©........#.# #[##.#.
####.#....wS...#.# #.##...
#....#....@....#.# #.##.(#
#.##.#..()$[)..#.####.##...
#>##.##8$)_.$8##...........
#.##..#########..####.##..#
#.###.....©.....## #.##..#
#.# #####...##### #.##...
#.#######..##########.###.#
#######<..........##........#
#.#
#.........(.(........########
#.#


You could see a dart slug and a ball python.

Vanquished Creatures
  A hound (D:2)
  An orc wizard (D:2)
  5 adders (D:2)
  2 worms (D:2)
  4 dart slugs
  4 leopard geckos
  7 bats
  4 giant cockroaches
  6 goblins (D:1)
  4 hobgoblins
  8 jackals (D:1)
  5 kobolds
  3 quokkas (D:2)
  5 frilled lizards
  2 rats (D:1)
61 creatures vanquished.

Notes
Turn   | Place    | Note
-------+----------+-------------------------------------------
     0 | D:1      | Zeld the Octopode Gladiator began the quest for the Orb.
     0 | D:1      | Reached XP level 1. HP: 14/14 MP: 1/1
   146 | D:1      | Reached XP level 2. HP: 10/19 MP: 2/2
   182 | D:1      | Reached skill level 4 in Staves
   495 | D:1      | Reached XP level 3. HP: 22/24 MP: 3/3
   524 | D:1      | Found a broken altar of Ashenzari.
  1473 | D:2      | Reached XP level 4. HP: 26/29 MP: 4/4
  1563 | D:2      | Reached skill level 5 in Staves
  1615 | D:2      | Found a glowing golden altar of the Shining One.
  1646 | D:2      | Found a transporter.
  1657 | D:2      | Found a transporter.
  1943 | D:2      | Reached XP level 5. HP: 34/34 MP: 5/5
  2266 | D:2      | HP: 1/34 [dart slug/slug dart (3)]
  2266 | D:2      | Slain by a ball python

Illustrated notes

Levels and vault maps discovered:
D:1:      dpeg_arrival_tiny_j, layout_loops_ring, nicolae_ashenzari_panopticon
D:2:      layout_loops_ring, gammafunk_temple_overflow_arena

Skill      XL: |  1  2  3  4 |
---------------+-------------+-----
Staves         | 4 5 |  5.9
Fighting       | |  2.0
Throwing       | |  2.0
Dodging        | |  3.0

Action                   |  1- 3 |  4- 6 || total
-------------------------+-------+-------++-------
Melee: Quarterstaff      |    76 |    46 ||   122
       Constrict         |    14 |    12 ||    26
       Tentacles         |    10 |     8 ||    18
 Stab: Sleeping          |     9 |     3 ||    12
Armor: Skin              |     6 |     1 ||     7
Dodge: Dodged            |    35 |    40 ||    75
